 Dungeon Sprint DCSS version 0.31-a0-841-g038b102fc3 (webtiles) character file.

Game seed: 14477628645120779500

279 sircluck the Ruffian (level 6, -1/68 HPs)
             Began as a Troll Berserker on Sept 27, 2023.
             Was a Believer of Trog.
             Slain by a yak (9 damage)
             ... in the Dungeon (Sprint VII: "The Pits").
             The game lasted 00:00:29 (32 turns).

sircluck the Ruffian (Troll Berserker)                Turns: 32, Time: 00:00:29

Health: -1/68      AC:  4    Str: 28    XL:     6   Next: 5%
Magic:  5/5        EV: 11    Int:  3    God:    Trog [**....]
Gold:   0          SH:  0    Dex:  9    Spells: 5/5 levels left

rFire   . .          .
                       - Unarmed
rCold   . . .        (no shield)
rNeg    . . .        a - +0 animal skin
rPois   .            (helmet restricted)
rElec   .            (no cloak)
rCorr   .            (gloves unavailable)
SInv    .            (boots unavailable)
Will    .....        (no amulet)
Stlth   +            (no ring)
HPRegen 1.11/turn    (no ring)
MPRegen 0.09/turn

%: no teleportation
@: on berserk cooldown, slowed, very slow
A: large, unfitting armour, claws 3, regeneration 1, shaggy fur 1, tough skin 1
a: Renounce Religion, Berserk, Trog's Hand


You were in the Dungeon.
You worshipped Trog.
Trog was pleased with you.
You visited 1 branch

Inventory:

Armour
 a - a +0 animal skin (worn)
Potions
 d - a potion of haste
 e - 2 potions of magic
 f - a potion of berserk rage


   Skills:
 + Level 6.6 Fighting
 + Level 6.5 Dodging
 + Level 7.9 Unarmed Combat


You had 5 spell levels left.
You didn't know any spells.
Your spell library was empty.

Dungeon Overview and Level Annotations

Branches:
Dungeon (1/1)

Altars:


Innate Abilities, Weirdness & Mutations

You are too large for most types of armour.
You have claws for hands.
Your natural rate of healing is unusually fast.
You are covered in fur. (AC +1)
You have tough skin. (AC +1)


Message History

Unknown command.
Unknown command.
You claw the yak!
You kill the yak!
Trog accepts your kill.
You can now call upon Trog for regeneration and willpower.
The ice encasing you melts away. The rime drake breathes ice at you.
The icy flash freeze hits you!
* * * LOW HITPOINT WARNING * * *
You are encased in ice.
The yak closely misses you.
Your Fighting skill increases to level 6!
Your Dodging skill increases to level 6!
Your Unarmed Combat skill increases to level 7!
You have reached level 6!
You feel stronger.
Unknown command.
Unknown command.
Unknown command.
You feel much better. The rime drake barely misses you.
The rime drake bites you! The yak gores you.
* * * LOW HITPOINT WARNING * * *
The yak gores you!
* * * LOW HITPOINT WARNING * * *
Unknown command.
Blink to where?
Press: ? - help, Q - select action, (/) - cycle Dir - move target
As you read the scroll of blinking, it crumbles to dust.
The ice encasing you melts away.
You feel better. The rime drake breathes ice at you.
The icy flash freeze hits you!
* * * LOW HITPOINT WARNING * * *
You are encased in ice.
Unknown command.
Unknown command.
The ice encasing you melts away. The yak gores you!
You die...

##########++######
#.....@..........#
#.....Y#..#......#
#......k.........+
+................+
#......#..#......#
#................#
####'#####''######
#.......##††#
#.......##..#


You could see a yak and a rime drake.

Vanquished Creatures
  2 yaks (D)
  A bat (D)
3 creatures vanquished.

Notes
Turn   | Place    | Note
-------+----------+-------------------------------------------
     0 | D        | sircluck the Troll Berserker began the quest for the Orb.
     0 | D        | Reached XP level 1. HP: 22/22 MP: 0/0
    11 | D        | Noticed a yak
    14 | D        | Noticed a rime drake
    15 | D        | Noticed a yak
    17 | D        | Noticed a yak
    19 | D        | Killed a yak
    20 | D        | Reached skill level 5 in Fighting
    20 | D        | Reached skill level 5 in Dodging
    20 | D        | Reached skill level 6 in Unarmed Combat
    20 | D        | Reached XP level 2. HP: 35/35 MP: 1/1
    20 | D        | Reached XP level 3. HP: 42/42 MP: 2/2
    20 | D        | Reached XP level 4. HP: 50/50 MP: 3/3
    20 | D        | Reached XP level 5. HP: 57/57 MP: 4/4
    20 | D        | Noticed a yak
    27 | D        | Killed a yak
    27 | D        | Reached ** piety under Trog
    28 | D        | Reached skill level 7 in Unarmed Combat
    28 | D        | Reached XP level 6. HP: 11/68 MP: 5/5
    32 | D        | Slain by a yak

Illustrated notes

Levels and vault maps discovered:
D:        pitsprint [storerooms_1, entrance_room_1, metal_vault_5, armoury_2,
          mini_pit_1, grid_room_1, main_hall_1, silver_pit, the_coven_2,
          the_vestibule_1, steel_vault_3, golden_pit, hallway_of_sentries,
          crystal_vault_2, iron_vault_2, final_vault]

Skill      XL: |  1  2  3  4  5 |
---------------+----------------+-----
Fighting       | 5 6 |  6.6
Dodging        | 5 6 |  6.5
Unarmed Combat | 6 7 |  7.9

Action                     |  1- 3 |  4- 6 || total
---------------------------+-------+-------++-------
  Melee: Unarmed           |     4 |     7 ||    11
 Invoke: Berserk           |     1 |       ||     1
    Use: Potion            |       |     2 ||     2
         Scroll            |       |     1 ||     1
 Armour: Animal skin       |     2 |    10 ||    12
  Dodge: Dodged            |     2 |     6 ||     8

Table legend: (Time is in decaauts)
 A = Elapsed time spent in this place.
 B = Non-inter-level travel time spent in this place.
 C = Inter-level travel time spent in this place.
 D = Time resting spent in this place.
 E = Time spent auto-exploring this place.
 F = Levels seen in this place.
 G = Mean time per level.
                   A        B        C        D        E       F      G
               +--------+--------+--------+--------+--------+-----+--------+
         Total |     30 |     30 |      0 |      0 |     10 |   1 |   30.0 |
       Dungeon |     30 |     30 |      0 |      0 |     10 |   1 |   30.0 |
               +--------+--------+--------+--------+--------+-----+--------+

Top non-repeatable levels by time:
       D: 30 daAuts
